Unix NetHack Version 5.0.0-0 post-release - last build Jun 10 2026 00:39:30 (3ee93aec679c4c4259841fe613dc97188e26a321,branch:main).

Game began 2026-06-19 21:34:12, ended 2026-06-19 21:41:58.

DaveT, lawful male human Priest

              ------  ----                  |
             --.....- |..|                 .--
           ---.......--..|           ---- ...-
            .............---        -..|....
             ..............|      --......`
               ............----   ..........
                ..............---.......
                 ....................-
                   ....................
                   -..............-
                    -<......-....-
                    |..........-
                    |..........----
                    --......--..|.--      |
                    ---...G.--G....--  ...--
                    |.......%hG............|
                   -..--.>...G@............|
                  .. - -----...--- ----- ---
                 ---       --..|
                            ----
DaveT the Acolyte            St:14 Dx:10 Co:17 In:8 Wi:17 Ch:10  Lawful
Dlvl:5  $:48 HP:0(38) Pw:45(45) AC:0  Xp:4 T:1989  Burdened Conf

Latest messages:
 You hit the gnome!
 The gnome lord hits!
 You kill the gnome!
 The gnome lord misses!
 The gnome lord picks up 5 crossbow bolts.
 The gnome drinks a cursed bubbly potion!
 The gnome looks better.
 You hit the gnome!
 The gnome lord hits!
 The dwarf wields a dagger!
 The gnome lord swings his crossbow.
 The gnome lord hits!
 The gnome lord picks up a thonged club.
 You miss the gnome lord.
 The gnome lord wields a thonged club!
 The gnome lord secures the tether on the thonged club.
 The dwarf picks up a bag.
 The gnome lord shoots 2 crossbow bolts!
 You are almost hit by the 1st crossbow bolt.
 You are hit by the 2nd crossbow bolt.
 The gnome picks up 2 yellowish brown gems.
 Are you sure you want to pray? [yn] (n) y
 You begin praying to Issek.
 You are surrounded by a shimmering light.
 The gnome lord starts to attack you, but pulls back.
 The gnome picks up 2 black gems.
 The dwarf starts to attack you, but pulls back.
 The gnome lord starts to attack you, but pulls back.
 You finish your prayer.
 You feel that Issek is well-pleased.
 You feel much better.
 The gnome lord swings his thonged club.
 The gnome lord hits!
 You hit the gnome lord.
 The gnome lord swings his thonged club.
 The gnome lord hits!
 The gnome hits!
 You hit the gnome lord.
 The gnome lord swings his thonged club.
 The gnome lord hits!
 The dwarf thrusts his dagger.
 The dwarf hits!
 What do you want to drink? [dqtEH or ?*] q
 Huh, What?  Where am I?
 The gnome misses!
 The gnome lord swings his thonged club.
 The gnome lord hits!
 You die...
 Do you want your possessions identified? [ynq] (y) y
 Do you want to see your attributes? [ynq] (y) q

Inventory:
 Coins    ('$')
  $ - 48 gold pieces
 Weapons  (')')
  z - a +2 javelin
  a - a blessed +2 mace (weapon in right hand)
 Armor    ('[')
  p - a blessed +1 orcish helm (being worn)
  c - a +0 small shield (being worn)
  b - a very burnt +0 robe (being worn)
  v - a blessed +1 banded mail (being worn)
 Comestibles  ('%')
  e - a clove of garlic
  y - a food ration
  f - a sprig of wolfsbane
 Scrolls  ('?')
  F - a scroll of blank paper
 Spellbooks  ('+')
  n - a spellbook of blank paper
  C - a spellbook of cause fear
  g - a spellbook of detect monsters
  h - a spellbook of detect unseen
  r - a spellbook of knock
 Potions  ('!')
  H - a potion of fruit juice
  t - a potion of gain ability
  d - 4 potions of holy water
  E - a potion of water
 Gems/Stones  ('*')
  i - a worthless piece of blue glass
  x - a worthless piece of yellowish brown glass

DaveT the Priest's attributes:

Background:
 You were an Acolyte, a level 4 human Priest.
 You were lawful, on a mission for Issek
 who was opposed by Mog (neutral) and Kos (chaotic).
 You were right-handed.
 You were in the Gnomish Mines, on level 5.
 You entered the dungeon 1989 turns ago.
 You had 157 experience points, 3 more were needed to attain level 5.

Basics:
 You had 0 out of 38 hit points.
 You had all 45 energy points (spell power).
 Your armor class was 0.
 Your wallet contained 48 zorkmids.
 Autopickup was off.

Final Characteristics:
 Your strength was 14 (limit:18/100).
 Your dexterity was 10 (limit:18).
 Your constitution was 17 (limit:18).
 Your intelligence was 8 (limit:18).
 Your wisdom was 17 (peak:18, limit:18).
 Your charisma was 10 (limit:18).

Final Status:
 You were confused.
 You weren't hungry.
 You were burdened; movement was slightly slowed.
 You were wielding a mace.
 You had basic skill with mace.

Final Attributes:
 You were devoutly aligned.
 You were guarded.
 Your spell casting was impaired by metallic armor, mitigated by your robe.
 You are dead.

Miscellaneous:
 You didn't encounter any bones levels.
 Total elapsed playing time was 7 minutes and 45 seconds.

Major events:
 Turn
    1: DaveT the lawful human Priest entered the dungeon
  779: attained the rank of Acolyte (level 3)
 1572: entered the Gnomish Mines
 1989: killed by a gnome lord

Spells:
 Name                 Level Category     Fail Retention
 detect monsters        1   divination    69%  76%-100%
 detect unseen          3   divination   100%  76%-100%

Skills:
 Fighting Skills
   bare handed combat [Unskilled]
 Weapon Skills
   club               [Unskilled]
   mace               [Basic]
   morning star       [Unskilled]
   flail              [Unskilled]
   hammer             [Unskilled]
   quarterstaff       [Unskilled]
   polearms           [Unskilled]
   spear              [Unskilled]
   trident            [Unskilled]
   lance              [Unskilled]
   bow                [Unskilled]
   sling              [Unskilled]
   crossbow           [Unskilled]
   dart               [Unskilled]
   shuriken           [Unskilled]
   boomerang          [Unskilled]
   unicorn horn       [Unskilled]
 Spellcasting Skills
   healing spells     [Unskilled]
   divination spells  [Unskilled]
   clerical spells    [Basic]

Voluntary challenges:
 Character rerolling was not enabled.
 You never genocided any monsters.
 You never polymorphed an object.
 You never changed form.
 You used no wishes.
Achievements:
 You attained the rank of Acolyte.
 You entered the Gnomish Mines.

 The Dungeons of Doom: levels 1 to 5
    Level 1:
       A fountain.
    Level 2:
       Some fountains.
    Level 3: "vault"
       A fountain, a sink, some graves.
    Level 4:
       Some fountains.
       Stairs down to The Gnomish Mines.
    Level 5:
 The Gnomish Mines:
    Level 5: <- You were here.
       Final resting place for
          you, killed by a gnome lord.


Vanquished creatures:
  a shrieker
  a paper golem
  a little dog
  a homunculus
  a kobold leader
  a rabid rat
 an acid blob
  4 coyotes
  a gas spore
  a brown mold
  a green mold
  5 gnomes
  a gnome zombie
  2 geckos
  4 jackals
  a fox
  4 goblins
  a sewer rat
  3 grid bugs
  a lichen
  4 newts
40 creatures vanquished.

No species were genocided or became extinct.

Game over:
                       ----------
                      /          \
                     /    REST    \
                    /      IN      \
                   /     PEACE      \
                  /                  \
                  |      DaveT       |
                  |      48 Au       |
                  |   killed by a    |
                  |    gnome lord    |
                  |                  |
                  |                  |
                  |       2026       |
                 *|     *  *  *      | *
        _________)/\\_//(\/(/\)/\//\/|_)_______

Goodbye DaveT the Priest...

You died in The Gnomish Mines on dungeon level 5 with 922 points,
and 48 pieces of gold, after 1989 moves.
You were level 4 with a maximum of 38 hit points when you died.

